Map: Nightshade LE

Players

TIME (Oliveira) - Winner!

  • Race: Terran Terran
  • League: Grandmaster
  • Spawn Location: 5:00

Dear

  • Race: Protoss Protoss
  • League: Master
  • Spawn Location: 11:00

VOD

Have the link to the VOD?

Description

Time

  • Played on: Jan. 16, 2020, 5:20 a.m.
  • Length: 13:58
Show
View Real Time Build Order
Export as new Build Order

TIME Terran - Winner!

Build Orders: Reaper Expand 

Get SALT Encoding   

  12  0:00  SCV  
  13  0:13  SCV  
  14  0:17  Supply Depot  
  14  0:25  SCV  
  15  0:39  SCV  
  15  0:40  Barracks  
  16  0:44  Refinery  
  16  0:51  SCV  
  17  1:03  SCV  
  18  1:15  SCV  
  19  1:28  Orbital Command, Reaper  
  20  1:42  Command Center  
  20  1:48  Supply Depot  
  20  1:53  SCV  
  21  2:00  Marine  
  22  2:06  SCV  
  23  2:09  Factory  
  23  2:18  SCV  
  23  2:22  Barracks Reactor  
  24  2:30  SCV  
  25  2:38  Command Center  
  25  2:42  SCV  
  26  2:52  Hellion  
  26  2:54  Orbital Command  
  26  2:57  SCV  
  29  3:00  Marine  
  29  3:01  Marine  
  31  3:11  Starport  
  31  3:17  Widow Mine  
  31  3:18  SCV  
  34  3:20  Refinery  
  34  3:22  SCV  
  35  3:30  SCV  
  37  3:34  SCV  
  35  3:42  Marine x2, SCV  
  35  3:46  SCV  
  39  3:48  Medivac  
  39  3:51  Widow Mine  
  39  3:52  Orbital Command  
  39  3:54  SCV  
  44  3:58  SCV  
  44  3:59  Marine x2  
  47  4:03  Barracks  
  47  4:07  SCV  
  48  4:10  SCV  
  48  4:13  Factory Tech Lab  
  48  4:15  Barracks  
  49  4:18  SCV  
  49  4:19  SCV  
  49  4:23  SCV  
  52  4:24  Starport Tech Lab  
  52  4:28  Bunker, Engineering Bay  
  52  4:29  Marine  
  52  4:30  Supply Depot  
  53  4:32  Marine  
  53  4:35  SCV x2  
  56  4:39  SCV  
  56  4:40  Refinery  
  56  4:42  Siege Tank  
  60  4:47  SCV  
  61  4:53  SCV, Supply Depot, Terran Infantry Weapons Level 1  
  61  4:55  Supply Depot  
  61  4:59  Marine, Stimpack  
  63  5:02  SCV  
  63  5:06  SCV  
  65  5:07  SCV  
  65  5:09  Marine x2  
  65  5:11  Starport Reactor  
  68  5:16  Refinery  
  68  5:17  Marine, Supply Depot  
  68  5:19  Supply Depot  
  68  5:20  Barracks  
  69  5:21  Barracks  
  69  5:22  Marine  
  69  5:26  Marine  
  69  5:27  Combat Shield  
  71  5:29  SCV x2  
  71  5:30  Marine  
  74  5:36  Marauder  
  74  5:39  Factory Reactor  
  74  5:40  SCV, Marauder  
  80  5:42  SCV  
  80  5:45  SCV  
  80  5:46  Marine  
  80  5:49  Marine  
  82  5:53  Medivac x2  
  82  5:55  SCV, Supply Depot  
  88  5:58  SCV, Missile Turret, Orbital Command  
  88  6:00  Marauder  
  88  6:01  Marine  
  93  6:07  SCV  
  93  6:10  Barracks Reactor  
  93  6:11  Barracks Tech Lab  
  93  6:12  Marine x2  
  93  6:13  SCV  
  100  6:18  Widow Mine x2  
  100  6:19  SCV  
  100  6:21  Marauder  
  100  6:24  Marine, Supply Depot  
  100  6:25  Supply Depot  
  104  6:26  SCV x2  
  104  6:29  Medivac  
  104  6:30  Marine  
  109  6:38  Supply Depot  
  109  6:45  Marine x2  
  109  6:46  Medivac, Marauder x2  
  121  6:47  Widow Mine x2  
  121  6:48  Marine, Terran Infantry Armor Level 1  
  121  6:49  Supply Depot  
  121  6:50  SCV x2  
  121  6:51  SCV  
  125  6:59  Marine x2  
  127  7:02  SCV  
  127  7:03  Armory  
  127  7:04  SCV x2, Supply Depot  
  127  7:05  Engineering Bay  
  130  7:10  Marauder  
  130  7:11  Refinery x2  
  130  7:14  Marauder x2  
  136  7:15  SCV  
  136  7:16  SCV  
  136  7:19  Ghost Academy  
  136  7:20  Marine  
  137  7:24  SCV  
  137  7:26  Marine x2, Supply Depot  
  137  7:27  Supply Depot  
  140  7:35  Viking x2  
  144  7:41  SCV x3, Missile Turret  
  144  7:42  Missile Turret  
  147  7:50  Ghost x3  
  153  7:55  Marine x2  
  153  7:56  Supply Depot  
  154  8:05  SCV  
  154  8:08  Marine x2, Missile Turret  
  154  8:09  Terran Infantry Weapons Level 2  
  154  8:10  Terran Ship Weapons Level 1, Viking  
  158  8:18  Command Center  
  158  8:19  Marauder  
  160  8:20  Sensor Tower  
  160  8:22  Viking  
  160  8:25  Marauder x2  
  166  8:31  SCV x2  
  166  8:32  Supply Depot x2  
  168  8:34  Starport  
  168  8:39  Enhanced Shockwaves  
  168  8:45  Missile Turret  
  168  8:46  Marauder  
  168  8:47  Marauder  
  172  8:52  Marauder  
  174  8:56  Viking x2  
  178  9:07  Marauder  
  178  9:08  Marine, Marauder  
  178  9:09  Marine x3  
  185  9:12  Viking x2  
  191  9:20  Terran Infantry Armor Level 2  
  191  9:23  Bunker  
  191  9:27  Supply Depot, Ghost  
  191  9:29  Marine x2, Marauder  
  191  9:30  Marauder  
  190  9:46  Liberator x2  
  190  9:47  Liberator  
  190  9:52  Marine x2  
  166  9:53  Marauder  
  166  9:58  Marine  
  166  9:59  Marine, Marauder  
  145  10:07  SCV x2  
  145  10:08  Planetary Fortress  
  145  10:09  SCV  
  145  10:13  Barracks  
  145  10:14  Barracks  
  148  10:15  Barracks  
  148  10:18  Marauder  
  148  10:19  Marine x3, Marauder  
  148  10:21  Marine  
  155  10:27  Refinery, Ghost  
  158  10:30  Refinery  
  158  10:32  SCV, Medivac  
  158  10:34  SCV  
  162  10:36  Marine  
  162  10:38  Marine x2  
  162  10:40  Marauder x2  
  169  10:43  Marine  
  169  10:46  Terran Infantry Weapons Level 3  
  169  10:49  SCV  
  171  10:55  Command Center  
  171  10:56  Marine, Marauder, Liberator  
  174  11:00  Marine x2  
  174  11:01  Marauder  
  174  11:02  Barracks Reactor, Barracks Tech Lab, Liberator  
  174  11:03  Barracks Tech Lab  
  178  11:04  Terran Ship Weapons Level 2  
  178  11:07  Marine  
  178  11:08  Marauder  
  171  11:25  SCV  
  171  11:27  SCV  
  171  11:30  Marauder x2, Ghost  
  178  11:37  Marine x3, Marauder x2  
  182  11:51  Marine x3  
  182  11:52  Marauder x2  
  182  11:53  Viking x2  
  180  11:54  Marine  
  180  11:56  Marine  
  180  11:59  Marauder  
  180  12:00  SCV  
  165  12:04  Marine x2  
  165  12:05  Viking  
  165  12:08  Ghost  
  152  12:12  Ghost  
  141  12:17  Marine  
  141  12:21  Concussive Shells, Ghost  
  141  12:22  Marine x4, Marauder  
  149  12:23  Marauder  
  149  12:25  SCV  
  153  12:30  Marine  
  153  12:32  Medivac x2  
  153  12:36  Ghost  
  160  12:41  Marine x2  
  162  12:45  Marauder x2  
  162  12:48  Marine x2, Marauder  
  162  12:50  Marauder  
  172  12:52  Viking  
  172  12:53  Marine  
  172  12:54  Marine  
  176  13:01  Sensor Tower  
  176  13:03  Marine  
  179  13:05  Marauder  
  179  13:11  Marauder x2  
  183  13:14  Marine x3  
  183  13:15  Marauder  
  159  13:58  Command Center  
Show
View Real Time Build Order
Export as new Build Order

Dear Protoss 

Build Orders: 1 Gate Expand, Blink Stalkers 

Get SALT Encoding   

  12  0:00  Probe  
  13  0:12  Probe  
  14  0:17  Pylon  
  14  0:25  Probe (Chrono Boost)  
  15  0:36  Gateway  
  15  0:37  Probe (Chrono Boost)  
  16  0:44  Probe (Chrono Boost)  
  16  0:45  Assimilator  
  17  0:51  Probe  
  18  1:03  Probe  
  19  1:15  Probe  
  20  1:22  Nexus  
  20  1:31  Cybernetics Core  
  20  1:33  Probe  
  21  1:40  Assimilator  
  21  1:46  Probe  
  22  1:49  Pylon  
  22  1:58  Probe  
  23  2:05  Adept (Chrono Boost)  
  25  2:09  Warp Gate  
  25  2:10  Probe  
  26  2:22  Probe  
  27  2:25  Stalker (Chrono Boost)  
  27  2:27  Twilight Council  
  29  2:34  Probe (Chrono Boost)  
  31  2:40  Probe (Chrono Boost)  
  31  2:43  Probe (Chrono Boost)  
  32  2:47  Probe (Chrono Boost)  
  32  2:48  Probe (Chrono Boost), Sentry  
  37  2:58  Probe  
  37  3:01  Probe, Gateway  
  37  3:04  Blink (Chrono Boost)  
  38  3:10  Probe  
  39  3:13  Probe  
  40  3:21  Pylon  
  40  3:22  Probe  
  40  3:25  Probe  
  42  3:31  Robotics Facility  
  42  3:34  Probe  
  42  3:37  Probe  
  44  3:47  Probe  
  45  3:50  Probe  
  45  3:52  Nexus  
  45  3:54  Pylon  
  46  3:58  Stalker x2  
  46  4:00  Probe  
  51  4:03  Probe  
  51  4:05  Assimilator  
  51  4:08  Assimilator  
  52  4:12  Probe, Pylon  
  52  4:15  Probe  
  54  4:18  Observer  
  54  4:22  Forge  
  55  4:24  Probe  
  55  4:27  Probe  
  55  4:30  Stalker  
  55  4:31  Stalker  
  61  4:36  Probe  
  62  4:39  Probe  
  62  4:40  Observer  
  64  4:45  Charge  
  64  4:49  Probe  
  64  4:50  Protoss Ground Weapons Level 1 (Chrono Boost)  
  64  4:51  Probe  
  66  4:55  Pylon  
  66  5:03  Probe (Chrono Boost)  
  66  5:04  Probe x2 (Chrono Boost), Observer  
  70  5:11  Stalker  
  70  5:12  Stalker  
  77  5:14  Probe x2 (Chrono Boost)  
  77  5:16  Probe (Chrono Boost)  
  77  5:17  Gateway x2  
  77  5:19  Probe x2 (Chrono Boost)  
  78  5:24  Gateway  
  79  5:29  Immortal (Chrono Boost)  
  79  5:33  Gateway  
  83  5:37  Gateway  
  83  5:40  Gateway  
  83  5:42  Probe x2  
  85  5:43  Probe  
  85  5:47  Pylon  
  85  5:49  Sentry, Zealot  
  90  5:52  Pylon  
  90  5:55  Probe x3  
  93  6:00  Pylon  
  93  6:01  Pylon  
  93  6:05  Immortal (Chrono Boost)  
  93  6:10  Pylon  
  97  6:15  Zealot x3  
  103  6:19  Zealot  
  103  6:22  Zealot  
  103  6:24  Probe x2  
  103  6:25  Probe  
  110  6:26  Assimilator  
  110  6:28  Assimilator  
  110  6:31  Templar Archives  
  110  6:34  Forge, Warp Prism (Chrono Boost)  
  112  6:47  Zealot x4  
  112  6:53  Stalker  
  122  6:55  Zealot, Stalker  
  122  6:57  Zealot  
  122  6:58  Protoss Ground Armor Level 1 (Chrono Boost)  
  128  7:06  Protoss Ground Weapons Level 2 (Chrono Boost)  
  128  7:09  Psionic Storm  
  128  7:12  Pylon  
  128  7:15  High Templar x2  
  132  7:22  Nexus  
  132  7:29  Pylon  
  132  7:30  High Templar x2  
  132  7:31  Pylon  
  132  7:36  Probe x3  
  139  7:38  Pylon  
  139  7:48  Probe x3  
  139  7:49  High Templar x2, Photon Cannon, Zealot  
  139  7:50  Zealot x3  
  154  8:01  Probe x2  
  152  8:07  High Templar x2  
  152  8:08  Gateway  
  152  8:09  Probe, Gateway  
  157  8:12  Archon  
  157  8:13  Probe x2, Zealot x3  
  157  8:15  Pylon x2  
  165  8:26  Pylon  
  165  8:28  Pylon  
  165  8:31  Assimilator  
  165  8:33  Assimilator  
  165  8:34  Probe x2  
  165  8:35  Probe  
  165  8:40  Photon Cannon  
  168  8:42  High Templar x4  
  168  8:43  Protoss Ground Armor Level 2 (Chrono Boost), Zealot x4  
  168  8:46  Archon x2  
  184  8:48  Photon Cannon  
  184  8:50  Photon Cannon  
  184  8:53  Shield Battery  
  183  9:02  Protoss Ground Weapons Level 3 (Chrono Boost)  
  183  9:13  Pylon  
  183  9:17  High Templar x2  
  183  9:18  Zealot x6  
  183  9:22  Archon  
  199  9:28  Robotics Bay, Robotics Facility  
  199  9:34  Photon Cannon  
  199  9:35  Nexus  
  187  9:51  Warp Prism (Chrono Boost)  
  155  9:56  Zealot x2  
  155  9:57  Zealot x8  
  119  10:18  Colossus x2 (Chrono Boost)  
  119  10:20  Extended Thermal Lance  
  131  10:23  High Templar  
  131  10:24  High Templar  
  131  10:25  Zealot x4, Stalker x3  
  131  10:27  Stalker  
  151  10:32  Probe x2  
  151  10:33  Probe x2  
  155  10:41  Pylon  
  155  10:46  High Templar, Sentry  
  155  10:47  High Templar  
  161  10:50  Protoss Ground Armor Level 3 (Chrono Boost)  
  161  10:55  Photon Cannon  
  161  10:58  Colossus (Chrono Boost)  
  161  10:59  Colossus (Chrono Boost)  
  173  11:12  Dark Shrine  
  173  11:16  Probe x3, Gateway  
  173  11:17  Probe, Gateway  
  175  11:29  Zealot x10  
  137  11:54  Zealot x4  
  137  11:55  Stalker x5  
  137  11:56  Stalker  
  109  12:08  Archon  
  100  12:13  Archon  
  93  12:15  Zealot  
  93  12:16  Zealot x2  
  93  12:21  Colossus (Chrono Boost)  
  97  12:23  Stalker x6  
  121  12:31  Colossus (Chrono Boost)  
  121  12:38  High Templar x3  
  127  12:46  Zealot x6  
  127  12:49  Nexus  
  127  12:50  Probe  
  127  12:51  Probe x2  
  142  12:53  Probe  
  143  13:04  Colossus (Chrono Boost)  
  149  13:07  Sentry  
  149  13:08  Zealot x2  
  161  13:14  Dark Templar  
  161  13:17  Zealot x3  
  169  13:25  Probe  
  169  13:26  Probe x2  
  158  13:39  Archon  
  126  13:44  Stalker x3  
  126  13:45  Zealot x3  
Tags
 
Add a new tag
Caveats
  • Supply blocks, unpowered buildings, or Contaminate may cause inaccurate times.
  • Supply counts are checked every 10 seconds.